AoeStats
← riccardo.zuanni

Hideout

508284783Analyzed
1v1 RM · 10d ago on Sep 21, 2026· 35m 42s· 2 players
Game mode
Random Map
Map size
Tiny (2 player)
Population
200
Speed
Normal
Resources
Standard
Victory
Conquest
Starting age
Dark Age
Ending age
Imperial Age
RankedLock teamsTeams togetherTeam positionsShared explorationLock speedFull tech treeHidden civsTurbo modeCheats
Victory
Defeat
🇮🇹 Wei · Italy
817
+16
🇳🇱 Burgundians · Netherlands
822
-16
riccardo.zuanni
5:59 Loom
10:30 Feudal Age
14:49 Horse Collar
15:37 Double-Bit Axe
15:48 Stone Mining
20:18 Castle Age
18:51 Gold Mining
21:27 Man-at-Arms
22:30 Pikeman
31:14 Imperial Age
29:35 Town Watch
29:34 Man-at-Arms
31:12 Long Swordsman
35:23 Two-Handed Swordsman
Fermacelli_NL
4:44 Double-Bit Axe
10:11 Feudal Age
10:45 Wheelbarrow
14:33 Castle Age
12:19 Horse Collar
13:14 Heavy Plow
13:47 Bow Saw
21:38 Hand Cart
24:58 Town Watch
25:27 Fletching
25:48 Forging
26:04 Bodkin Arrow
26:22 Scale Mail Armor
26:28 Scale Barding Armor
26:21 Loom
26:44 Gold Mining
29:31 Two-Man Saw
28:49 Town Patrol
32:06 Imperial Age
30:11 Forging
30:03 Padded Archer Armor
31:27 Crop Rotation
35:06 Chemistry
34:26 Ballistics
34:17 Masonry
34:10 Bracer
Connection lost

Rejoining the realm…

Still unreachable

The connection could not be restored.

Session expired

The server has moved on; the page needs a fresh start.